 Dungeon Crawl Stone Soup version 0.31-a0-210-gccc998df9b (webtiles) character file.

Game seed: 3076595995293952945

33 qw the Shooter (level 3, -1/29 HPs)
             Began as a Minotaur Hexslinger on June 29, 2023.
             Slain by a gnoll
             ... wielding a +0 flail
              (9 damage)
             ... on level 2 of the Dungeon.
             The game lasted 00:00:20 (857 turns).

qw the Shooter (Minotaur Hexslinger)                 Turns: 857, Time: 00:00:20

Health: -1/29      AC:  2    Str: 12    XL:     3   Next: 12%
Magic:  3/3        EV: 12    Int: 10    God:
Gold:   69         SH:  0    Dex: 14    Spells: 3/4 levels left

rFire   . . .        Y - +1 sling
rCold   . . .        (no shield)
rNeg    . . .        c - +0 robe
rPois   .            (helmet restricted)
rElec   .            (no cloak)
rCorr   .            (no gloves)
SInv    .            (no boots)
Will    .....        (no amulet)
Stlth   +            (no ring)
HPRegen 0.24/turn    (no ring)
MPRegen 0.08/turn

%: no passive effects
@: no status effects
A: horns 2, retaliatory headbutt
a: no special abilities


You were on level 2 of the Dungeon.
You visited 1 branch of the dungeon, and saw 2 of its levels.

You collected 69 gold pieces.


Innate Abilities, Weirdness & Mutations

You have a pair of horns on your head.
You reflexively headbutt those who attack you in melee.


   Skills:
 - Level 2.0 Fighting
 + Level 3.6 Ranged Weapons
 - Level 2.1 Dodging
 - Level 1.0 Spellcasting
 - Level 2.0 Hexes


You had 3 spell levels left.
You knew the following spells:

 Your Spells              Type           Power      Damage    Failure   Level
a - Slow                  Hex            16%        N/A       16%         1

Your spell library contained the following spells:

 Spells                   Type           Power      Damage    Failure   Level
 Inner Flame              Hex/Fire       2%         N/A       56%         3
 Portal Projectile        Hex/Tloc       4%         N/A       56%         3
 Cause Fear               Hex            2%         N/A       83%         4

Inventory:

Hand Weapons
 Y - a +1 sling (weapon)
Armour
 c - a +0 robe (worn)
Potions
 h - a potion of mutation {unknown}

Dungeon Overview and Level Annotations

Branches:
Dungeon (2/15)

Altars:


Message History

You start resting.
HP restored.
Found a stone staircase leading down.
A gnoll comes into view.
It is wielding a +1 flail of protection.
You shoot a sling bullet.
The sling bullet barely misses the gnoll.
The gnoll shouts!
You hear a shout!
A gnoll comes into view. It is wielding a +0 flail.
You shoot a sling bullet. The sling bullet hits the gnoll.
The gnoll is moderately wounded.
You shoot a sling bullet. The sling bullet hits the gnoll.
The gnoll is severely wounded.
A gnoll comes into view. It is wielding a +0 halberd.
You shoot a sling bullet.
The sling bullet barely misses the gnoll.
You shoot a sling bullet. The sling bullet hits the gnoll.
The gnoll is severely wounded.
The gnoll misses you.
You shoot a sling bullet. The sling bullet hits the gnoll.
You kill the gnoll!
You have reached level 3!
Your experience leads to an increase in your attributes!
Increase (S)trength, (I)ntelligence, or (D)exterity?
You feel agile. x2
You shoot a sling bullet.
The sling bullet closely misses the gnoll.
The gnoll hits you with a +0 flail!
You shoot a sling bullet.
The sling bullet hits the gnoll but does no damage.
The gnoll hits you from afar with a +0 halberd.
You shoot a sling bullet. The sling bullet hits the gnoll.
The gnoll is lightly wounded.
The gnoll barely misses you. x2
You shoot a sling bullet.
The sling bullet barely misses the gnoll.
The gnoll hits you with a +0 flail!
The gnoll throws a stone.
The stone barely misses you. The gnoll misses you.
The gnoll hits you with a +0 flail!
You die...

........####....
##...77...##..###
#..7 777.##..# #..7
7.##..# # ##.7
7.##.^# #>###.7
7.##..### .....7
77.##....####
#..7777.......%....
.#.@g.....###.#.####
.......)#####.###.#.#
.#.....g.....#....#.#
##.#..####.###.###.#
#........## ##.##.#
###..####.###.###.#
#..#####.#.## ...
#...........# ...
..########.#


You could see 2 gnolls.

Vanquished Creatures
  A gnoll (D:2)
  A ball python (D:2)
  A goblin (D:1)
  5 hobgoblins (D:1)
  5 quokkas (D:1)
  3 bats
  A frilled lizard (D:1)
  A kobold (D:1)
  3 rats (D:1)
21 creatures vanquished.

Notes
Turn   | Place    | Note
-------+----------+-------------------------------------------
     0 | D:1      | qw the Minotaur Hexslinger began the quest for the Orb.
     0 | D:1      | Reached XP level 1. HP: 16/16 MP: 1/1
     0 | D:1      | 0 ||| qw: Version: 0.3-a-24-ga2abf7b
     0 | D:1      | 0 ||| qw: Game counter: 6887
     0 | D:1      | 0 ||| qw: Melee chars always use a shield: true
     0 | D:1      | 0 ||| qw: God list: Okawaru
     0 | D:1      | 0 ||| qw: Allow faded altars: false
     0 | D:1      | 0 ||| qw: Do Orc after clearing Dungeon:15 true
     0 | D:1      | 0 ||| qw: Do second Lair branch before Depths: true
     0 | D:1      | 0 ||| qw: Lair rune preference: random
     0 | D:1      | 0 ||| qw: Goals: Normal
     0 | D:1      | 0 ||| PLANNING D:1-11
   140 | D:1      | Reached skill level 3 in Ranged Weapons
   175 | D:1      | Reached XP level 2. HP: 23/23 MP: 2/2
   754 | D:1      | 754 ||| READING scroll labelled FOWAVA USUBEAKK.
   755 | D:1      | 755 ||| READING scroll labelled CALAEPLEPIO.
   756 | D:1      | 756 ||| READING scroll labelled DIKHLU POCLAUWY.
   759 | D:1      | 759 ||| READING scroll labelled VOSIRU CU HIA.
   760 | D:1      | 760 ||| READING scroll labelled ONAURI JETSU.
   761 | D:1      | 761 ||| DROPPING scroll of poison.
   854 | D:2      | Reached XP level 3. HP: 29/29 MP: 3/3
   857 | D:2      | Slain by a gnoll

Levels and vault maps discovered:
D:1:      lightli_arrival_maybe_door_vault, layout_loops_ring
D:2:      layout_loops_ring, nrook_campfire, kennysheep_generic_room_5

Skill      XL: |  1  2 |
---------------+-------+-----
Ranged Weapons | 3 |  3.6
Fighting       | 2 |  2.0
Dodging        | |  2.1
Spellcasting   | |  1.0
Hexes          | |  2.0

Action                     || total
---------------------------++-------
   Fire: Sling             ||    85
    Use: Scroll            ||     5
 Armour: Robe              ||     5
  Dodge: Dodged            ||    41

Table legend:
 A = Non-vault XP
 B = Vault XP
 C = Vault XP percentage of total XP
 D = Non-vault monster count
 E = Vault monster count
 F = Vault count percentage of total count
                 A         B        C        D         E       F
            +---------+---------+-------+---------+---------+-------
      Total |      48 |       0 |   0.0 |      21 |       0 |   0.0
            +---------+---------+-------+---------+---------+-------
        D:1 |      30 |       0 |   0.0 |      18 |       0 |   0.0
        D:2 |      18 |       0 |   0.0 |       3 |       0 |   0.0
            +---------+---------+-------+---------+---------+-------
